 Dungeon Crawl Stone Soup version 0.29.1-2-gbd0b4ee654 (webtiles) character file.

Game seed: 6399119176942457076

27 Icepheonix32 the Insei (level 2, 0/23 HPs)
             Began as a Demigod Transmuter on Nov 10, 2022.
             Slain by a jackal (1 damage)
             ... on level 1 of the Dungeon.
             The game lasted 00:00:53 (1392 turns).

Icepheonix32 the Insei (Demigod Transmuter)         Turns: 1392, Time: 00:00:54

Health: 0/23       AC:  2    Str: 11    XL:     2   Next: 72%
Magic:  7/7        EV: 12    Int: 15    God:
Gold:   17         SH:  0    Dex: 14    Spells: 3/4 levels left

rFire   . . .      SeeInvis .     - Unarmed
rCold   . . .      Faith    .   (no shield)
rNeg    + . .      Spirit   .   a - +0 robe
rPois   .          Reflect  .   (helmet currently unavailable)
rElec   .          Harm     .   (no cloak)
rCorr   .          Rampage  .   (no gloves)
Will    .....      Rnd*Tele +   (boots currently unavailable)
Stlth   +.........              c - amulet of magic regeneration
HPRegen 0.07/turn               e - ring of positive energy
MPRegen 0.50/turn               (no ring)

@: appendages (expiring)
A: horns 2, talons 2, high MP 1, forlorn, divine attributes, teleportitis 1
a: End Transformation


You were on level 1 of the Dungeon.
You had temporarily grown beastly horns and talons.
You visited 1 branch of the dungeon, and saw 2 of its levels.

You collected 17 gold pieces.

Inventory:

Armour
 a - a +0 robe (worn)
Jewellery
 c - an amulet of magic regeneration (around neck)
 e - a ring of positive energy (left hand)
 f - a ring of ice
Scrolls
 d - a scroll of brand weapon {unknown}
 g - 2 scrolls of identify {unknown}
 h - a scroll of torment {unknown}
Potions
 b - 2 potions of lignification


   Skills:
 + Level 1.1 Fighting
 + Level 1.8 Dodging
 + Level 0.3 Stealth
 + Level 3.0 Unarmed Combat
 + Level 1.9 Spellcasting
 * Level 2.3 Transmutations


You had 3 spell levels left.
You knew the following spells:

 Your Spells              Type           Power      Damage    Failure   Level
a - Beastly Appendage     Tmut           16%        N/A       9%          1

Your spell library contained the following spells:

 Spells                   Type           Power      Damage    Failure   Level
 Wereblood                Tmut           8%         N/A       13%         2
 Sting                    Tmut/Pois      16%        1d3       14%         1
 Poisonous Vapours        Pois/Air       2%         N/A       34%         2
 Spider Form              Tmut/Pois      4%         N/A       38%         3
 Ice Form                 Ice/Tmut       4%         N/A       80%         4
 Olgreb's Toxic Radiance  Pois           1%         N/A       92%         4


Dungeon Overview and Level Annotations

Branches:
Dungeon (2/15)


Innate Abilities, Weirdness & Mutations

You have temporarily grown beastly horns and talons.
You have an increased reservoir of magic. (+10% MP)
You shall have no god before yourself.
Your divine heritage dramatically boosts your attributes as you level up.
You are occasionally teleported next to monsters.


Message History

You closely miss the jackal. Your punch misses the jackal.
The jackal is almost dead.
The jackal bites you.
The jackal bites you but does no damage.
The jackal bites you. x3
* * * LOW HITPOINT WARNING * * *
You are too injured to fight recklessly!
You are too injured to fight recklessly!
You are too injured to fight recklessly!
You are too injured to fight recklessly!
You are too injured to fight recklessly!
You are too injured to fight recklessly!
You are too injured to fight recklessly!
You are too injured to fight recklessly!
You are too injured to fight recklessly!
You are too injured to fight recklessly!
You are too injured to fight recklessly!
You are too injured to fight recklessly!
You are too injured to fight recklessly!
The jackal bites you but does no damage.
The jackal closely misses you. The jackal barely misses you.
You climb upwards.
Your transformation is almost over.
There is a stone staircase leading down here.
You hit the jackal.
You kill the jackal!
The jackal closely misses you. The jackal completely misses you.
The jackal bites you.
* * * LOW HITPOINT WARNING * * *
You hit the jackal. You claw the jackal, but do no damage.
The jackal is moderately wounded.
The jackal bites you.
* * * LOW HITPOINT WARNING * * *
The jackal barely misses you. The jackal bites you.
* * * LOW HITPOINT WARNING * * *
Unknown command.
It was a potion of mutation.
You feel extremely strange.
You feel weirdly uncertain. The jackal misses you.
The jackal closely misses you. The jackal bites you.
You die...

#.# #.#
####################.#
#..†.................#
#.#################..#
#.##....# ####..#
#.##....# #.##..#
#.##....########h##..###
...............h@#.....#
..##############.#...#.#
..# #.#...#.#
..##############.#.###.##
........................#
..#...#######......######
..'...## #..........#
..#....# ##.###....#.#
######.# ##..# #....#.#


You could see 2 jackals.

Vanquished Creatures
  4 bats (D:1)
  2 endoplasms (D:1)
  2 goblins (D:1)
  3 hobgoblins (D:1)
  3 jackals (D:1)
  2 quokkas (D:1)
  A ball python (D:1)
  3 frilled lizards (D:1)
  3 kobolds (D:1)
23 creatures vanquished.

Notes
Turn   | Place    | Note
-------+----------+-------------------------------------------
     0 | D:1      | Icepheonix32 the Demigod Transmuter began the quest for the
                  | Orb.
     0 | D:1      | Reached XP level 1. HP: 15/15 MP: 5/5
    85 | D:1      | Reached skill level 1 in Fighting
   314 | D:1      | Reached XP level 2. HP: 20/23 MP: 7/7
   700 | D:1      | Reached skill level 3 in Unarmed Combat
  1391 | D:1      | HP: 1/23 [jackal (3)]
  1392 | D:1      | Gained mutation: You are occasionally teleported next to
                  | monsters. [potion of mutation]
  1392 | D:1      | Slain by a jackal

Illustrated notes

Levels and vault maps discovered:
D:1:      dpeg_arrival_houses_and_road, layout_basic
D:2:      layout_rooms, basic_altar, grunt_ministairs_7, eino_tiny_chamber,
          kennysheep_cross_room, nicolae_underground_beach, uniq_robin

Skill      XL: |  1  2 |
---------------+-------+-----
Transmutations | 2 |  2.3
Fighting       | 1 |  1.1
Unarmed Combat | 3 |  3.0
Dodging        | |  1.8
Stealth        | |  0.3
Spellcasting   | |  1.9

Action                   || total
-------------------------++-------
Melee: Unarmed           ||    60
       Kick              ||    13
       Headbutt          ||     4
       Punch             ||     2
 Cast: Beastly Appendage ||    14
  Use: Potion            ||     1
 Stab: Sleeping          ||     1
Armor: Robe              ||    15
Dodge: Dodged            ||    56
